 Dungeon Crawl Stone Soup version 0.20.1-1-g8b1a95d (webtiles) character file.

1172 vineage the Slasher (level 8, 0/68 HPs)
             Began as a Minotaur Fighter on Aug 28, 2017.
             Was an Initiate of Okawaru.
             Succumbed to an orc warrior's poison
             ... on level 6 of the Dungeon.
             The game lasted 00:06:55 (4234 turns).

vineage the Slasher (Minotaur Fighter)              Turns: 4234, Time: 00:06:55

Health: 0/68       AC:  9    Str: 23    XL:     8   Next: 18%
Magic:  7/7        EV: 15    Int:  5    God:    Okawaru [......]
Gold:   292        SH: 12    Dex: 15    Spells: 7/7 levels left

rFire    . . .     SeeInvis .   a - +1 long sword
rCold    . . .     Gourm    .   c - +1 shield
rNeg     . . .     Faith    .   b - +0 scale mail
rPois    .         Spirit   .   (helmet restricted)
rElec    .         Reflect  .   (no cloak)
rCorr    +         Harm     .   k - +0 pair of gloves
MR       .....                  (no boots)
Stlth    +.........             (no amulet)
Regen    0.3/turn               h - ring of resist corrosion
MPRegen  0.1/turn               r - ring of flight

@: agile, lethally poisoned (0 -> -16), very slightly contaminated, invisible
A: retaliatory headbutt, horns 2
a: Renounce Religion, Evoke Flight


You were on level 6 of the Dungeon.
You worshipped Okawaru.
Okawaru was noncommittal.
You were hungry.

You visited 2 branches of the dungeon, and saw 7 of its levels.

You collected 292 gold pieces.

Inventory:

Hand Weapons
 a - a +1 long sword (weapon)
 y - a +2 trident of flaming
Armour
 b - a +0 scale mail (worn)
 c - a +1 shield (worn)
 k - a +0 pair of gloves (worn)
Jewellery
 h - a ring of resist corrosion (left hand)
 r - a ring of flight (right hand)
 v - an uncursed ring of magical power {unknown}
 x - a +3 amulet of reflection {unknown}
Wands
 m - a wand of iceblast (7/15)
 w - a wand of scattershot (9/9)
 B - a wand of confusion (29/48)
Scrolls
 d - a scroll of fog
 e - 5 scrolls of identify
 l - a scroll of remove curse
 z - a scroll of random uselessness {unknown}
Potions
 j - a potion of lignification
 n - a potion of invisibility
 p - a potion of agility
Comestibles
 f - 5 bread rations
 o - a royal jelly
 q - a meat ration
 u - 6 fruits


   Skills:
 + Level 5.2 Fighting
 + Level 7.2 Long Blades
 + Level 6.3 Armour
 + Level 3.0 Dodging
 + Level 0.5 Stealth
 + Level 6.8 Shields


You had 7 spell levels left.
You didn't know any spells.

Dungeon Overview and Level Annotations

Branches:
Dungeon (6/15)             Temple (1/1) D:5

Altars:
Ashenzari
Cheibriados
Kikubaaqudgha
Okawaru
Sif Muna

Shops:
D:6 =


Innate Abilities, Weirdness & Mutations

You reflexively headbutt those who attack you in melee.
You have a pair of horns on your head.


Message History

a flail of protection; an orc corpse
* * * LOW HITPOINT WARNING * * *
You feel sick.
As you read the scroll labeled YLUIC KUSA, it crumbles to dust.
It is a scroll of recharging.
Charge which item? (? for menu, Esc to quit)
Your wand of scattershot (?/9) glows for a moment.
Your surroundings suddenly seem different.
You are feeling hungry.
* * * LOW HITPOINT WARNING * * *
You feel sick.
There is a lethal amount of poison in your body!
Okay, then.
Okay, then.
Okay, then.
Okay, then.
As you read the scroll labeled OPSIMIDGH EWEX, it crumbles to dust.
It is a scroll of amnesia.
You feel forgetful for a moment.
You die...

#.....#............# .# .
#####(....##..#######.##
#.#######.##.###..<>........
##............# #.......#....
........###.#####......))....
.######..##.###.........##.##
##..#.#...#.......#
...######.....#.........#
#..).......@#..##......#
######...#....###......##
#####...###..............#
##......####.#.####.##..#..#
##........#...#.# #. ##.##.#
#...........#.#.# # #∩##.#
#.............#.. #..#..
#..........#.#### ##.# #.
#....(.......# #.# ..


There were no monsters in sight!

Vanquished Creatures
  An ogre (D:5)
  A phantom (D:6)
  An ice beast (D:5)
  A necrophage (D:5)
  A centaur (D:6)
  A bullfrog (D:6)
  2 howler monkeys
  A hound (D:4)
  4 orc wizards
  An iguana (D:5)
  4 worker ants
  10 adders
  4 gnolls (D:3)
  2 oozes
  2 adder skeletons
  4 worms
  4 leopard geckos
  18 orcs
  6 bats
  4 giant cockroaches
  17 goblins
  7 hobgoblins
  6 jackals
  2 quokkas
  A ball python (D:3)
  A ball python zombie (D:5)
  5 frilled lizards
  4 kobolds
  A quokka skeleton (D:4)
  A quokka zombie (D:6)
  2 rats
119 creatures vanquished.

Vanquished Creatures (others)
  An orc warrior (D:6)
1 creature vanquished.

Grand Total: 120 creatures vanquished

Notes
Turn   | Place    | Note
-------+----------+-------------------------------------------
     0 | D:1      | vineage the Minotaur Fighter began the quest for the Orb.
     0 | D:1      | Reached XP level 1. HP: 19/19 MP: 0/0
   198 | D:1      | Reached XP level 2. HP: 25/27 MP: 1/1
   372 | D:1      | Reached skill level 3 in Long Blades
   555 | D:2      | Reached XP level 3. HP: 31/33 MP: 2/2
  1124 | D:2      | Reached XP level 4. HP: 16/41 MP: 3/3
  1709 | D:3      | Reached skill level 4 in Long Blades
  1711 | D:3      | Reached XP level 5. HP: 36/47 MP: 4/4
  1713 | D:3      | Reached skill level 1 in Dodging
  1923 | D:3      | Reached skill level 5 in Long Blades
  2263 | D:4      | Reached XP level 6. HP: 53/53 MP: 5/5
  2311 | D:4      | Reached skill level 5 in Armour
  2382 | D:4      | Reached skill level 5 in Shields
  3051 | D:5      | Entered Level 5 of the Dungeon
  3082 | D:5      | Noticed an ice beast
  3090 | D:5      | Killed an ice beast
  3090 | D:5      | Reached XP level 7. HP: 60/60 MP: 6/6
  3167 | D:5      | Reached skill level 6 in Long Blades
  3412 | D:5      | Found a staircase to the Ecumenical Temple.
  3418 | Temple   | Entered the Ecumenical Temple
  3450 | Temple   | Became a worshipper of Warmaster Okawaru
  3562 | D:5      | Reached skill level 5 in Fighting
  3828 | D:6      | Found Xicoa's Jewellery Boutique.
  3884 | D:6      | Reached skill level 7 in Long Blades
  3884 | D:6      | Reached XP level 8. HP: 33/68 MP: 7/7
  4031 | D:6      | Found a deep blue altar of Sif Muna.
  4071 | D:6      | Reached * piety under Okawaru
  4232 | D:6      | HP: 2/68 [poisoned by an orc warrior]
  4234 | D:6      | Succumbed to an orc warrior's poison

Skill      XL: |  1  2  3  4  5  6  7  8 |
---------------+-------------------------+-----
Long Blades    | 3 4 5 7 |  7.2
Fighting       | 4 5 |  5.2
Armour         | 4 5 6 |  6.3
Shields        | 4 5 6 |  6.8
Dodging        | 1 2 3 |  3.0
Stealth        | |  0.5

Action                   |  1- 3 |  4- 6 |  7- 9 || total
-------------------------+-------+-------+-------++-------
Melee: Long sword        |    89 |   147 |    98 ||   334
       Headbutt          |    15 |    24 |    25 ||    64
  Use: Scroll            |       |    11 |     5 ||    16
       Potion            |       |     1 |     2 ||     3
  Eat: Chunk             |       |     5 |     4 ||     9
       Fruit             |       |     2 |       ||     2
Armor: Scale mail        |    41 |    53 |    37 ||   131
Dodge: Dodged            |    27 |    52 |    29 ||   108
Block: Shield            |    46 |    81 |    59 ||   186
       Rpst.: Long sword |    11 |    15 |     9 ||    35
